 Dungeon Crawl Stone Soup version 0.21.1-1-g345015f (webtiles) character file.

125 theblackcape the Insei (level 5, -4/40 HPs)
             Began as a Gnoll Transmuter on July 9, 2018.
             Killed from afar by Sigmund (5 damage)
             ... with a puff of flame
             ... on level 4 of the Dungeon.
             The game lasted 00:08:49 (2596 turns).

theblackcape the Insei (Gnoll Transmuter)           Turns: 2596, Time: 00:08:49

Health: -4/40      AC:  5    Str: 14    XL:     5   Next: 9%
Magic:  6/12       EV: 14    Int: 15    God:
Gold:   218        SH:  0    Dex: 15    Spells: 11/14 levels left

rFire    . . .     SeeInvis .     - Unarmed
rCold    . . .     Gourm    .   (no shield)
rNeg     . . .     Faith    .   v - +0 leather armour
rPois    +         Spirit   .   (no helmet)
rElec    .         Reflect  .   (no cloak)
rCorr    .         Harm     .   j - +0 pair of gloves
MR       .....                  n - +0 pair of boots (curse)
Stlth    ++........             (no amulet)
HPRegen  0.13/turn              m - ring of poison resistance
MPRegen  0.13/turn              (no ring)

@: no status effects
A: distributed training, fangs 1, strong nose
a: no special abilities


You were on level 4 of the Dungeon.
You were not hungry.

You visited 1 branch of the dungeon, and saw 4 of its levels.

You collected 218 gold pieces.

Inventory:

Missiles
 a - 62 arrows
Armour
 j - a +0 pair of gloves (worn)
 n - a cursed +0 pair of boots (worn)
 v - a +0 leather armour (worn)
Jewellery
 m - a ring of poison resistance (left hand)
Scrolls
 e - 7 scrolls of remove curse {unknown}
 g - 2 scrolls of immolation {unknown}
 h - a scroll of noise {unknown}
 k - a scroll of enchant weapon {unknown}
 o - a scroll of fear {unknown}
 p - 3 scrolls of teleportation {unknown}
 r - a scroll of blinking {unknown}
 u - a scroll of magic mapping {unknown}
Potions
 b - a potion of heal wounds {unknown}
 f - a potion of haste {unknown}
 i - a potion of lignification {unknown}
 l - a potion of agility {unknown}
 s - 2 potions of curing {unknown}
 t - 2 potions of berserk rage {unknown}
Books
 c - a book of Changes

   Spells                             Type                      Level
   a - Beastly Appendage              Transmutation                1
   b - Sticks to Snakes               Transmutation                2
   c - Spider Form                    Transmutation/Poison         3
   d - Ice Form                       Ice/Transmutation            4
   e - Blade Hands                    Transmutation                5
Comestibles
 d - 7 rations
 q - 3 chunks of flesh


   Skills:
 + Level 2.8 Fighting
 + Level 1.3 Short Blades
 + Level 1.3 Long Blades
 + Level 1.3 Axes
 + Level 1.3 Maces & Flails
 + Level 1.3 Polearms
 + Level 1.3 Staves
 + Level 1.3 Slings
 + Level 1.3 Bows
 + Level 1.3 Crossbows
 + Level 1.3 Throwing
 + Level 1.3 Armour
 + Level 4.7 Dodging
 + Level 1.3 Stealth
 + Level 1.3 Shields
 + Level 6.6 Unarmed Combat
 + Level 5.1 Spellcasting
 + Level 1.0 Conjurations
 + Level 1.0 Hexes
 + Level 1.0 Charms
 + Level 1.0 Summonings
 + Level 1.0 Necromancy
 + Level 1.0 Translocations
 + Level 3.9 Transmutations
 + Level 1.0 Fire Magic
 + Level 1.0 Ice Magic
 + Level 1.0 Air Magic
 + Level 1.0 Earth Magic
 + Level 1.0 Poison Magic
 + Level 1.4 Invocations
 + Level 1.3 Evocations


You had 11 spell levels left.
You knew the following spells:

 Your Spells              Type           Power        Failure   Level  Hunger
a - Beastly Appendage     Tmut           ###...       4%          1    None
b - Sticks to Snakes      Tmut           ###.....     6%          2    ##.....


Dungeon Overview and Level Annotations

Branches:
Dungeon (4/15)
 Temple: D:4-7

Altars:
Ashenzari
Sif Muna

Annotations:
D:4 Sigmund


Innate Abilities, Weirdness & Mutations

Your experience applies equally to all skills.
You have very sharp teeth.
Your uncanny sense of smell can sniff out nearby items.


Message History

The worker ant barely misses your ball python.
Okay, then.
Casting: Beastly Appendage
Confirm with . or Enter, or press ? or * to list all spells.
You create a snake!
You now have 62 arrows.
The worker ant bites your ball python!
Your ball python dies!
Something hits you.
* * * LOW HITPOINT WARNING * * *
Your ball python bites the worker ant but does no damage.
Your ball python barely misses the worker ant.
You swap places.
Your adder bites the worker ant.
A magic dart appears from out of thin air!
The magic dart hits your adder.
The worker ant barely misses your adder.
Your ball python misses the worker ant.
Your ball python closely misses the worker ant.
A puff of flame appears from out of thin air!
The puff of flame misses your adder. The puff of flame hits you!
You die...

#.# #.# ######>...... ......
..........#.# ...)...∆ ∆
..........#.# ..... ..#####...
#.# .... ..#?$(#... #.# ..#####
..#?)%#..###.###### #$....#
..#[[[#...........###.....#
..#####..###....@S.aS.$...##
..........##...............#
..........##...............# .#
.
#####....##......######....#.#..
#....##......#....###.#####.
#....#########......###...#
##'######### #........#._.+ #.#
#.....# #......###.$.#
#.###.....###....###.##


You could see a worker ant, a friendly adder and a friendly ball python.

Vanquished Creatures
  A jelly (D:2)
  3 adders (D:3)
  3 worms
  An adder skeleton (D:4)
  A dart slug (D:1)
  An orc (D:3)
  2 ball pythons
  8 bats
  A giant cockroach (D:4)
  8 goblins
  5 hobgoblins
  6 kobolds
  A quokka (D:2)
  4 frilled lizards
  12 rats
57 creatures vanquished.

Vanquished Creatures (others)
  A toadstool (D:1)
1 creature vanquished.

Grand Total: 58 creatures vanquished

Notes
Turn   | Place    | Note
-------+----------+-------------------------------------------
     0 | D:1      | theblackcape the Gnoll Transmuter began the quest for the Orb.
     0 | D:1      | Reached XP level 1. HP: 17/17 MP: 6/6
    78 | D:1      | Reached XP level 2. HP: 20/23 MP: 5/7
   232 | D:1      | Learned a level 2 spell: Sticks to Snakes
   300 | D:1      | Reached XP level 3. HP: 22/28 MP: 9/9
   497 | D:1      | Reached skill level 5 in Spellcasting
  1319 | D:2      | Reached skill level 1 in Short Blades
  1319 | D:2      | Reached skill level 1 in Long Blades
  1319 | D:2      | Reached skill level 1 in Axes
  1319 | D:2      | Reached skill level 1 in Maces & Flails
  1319 | D:2      | Reached skill level 1 in Polearms
  1319 | D:2      | Reached skill level 1 in Staves
  1319 | D:2      | Reached skill level 1 in Slings
  1319 | D:2      | Reached skill level 1 in Bows
  1319 | D:2      | Reached skill level 1 in Crossbows
  1319 | D:2      | Reached skill level 1 in Throwing
  1319 | D:2      | Reached skill level 1 in Armour
  1319 | D:2      | Reached skill level 1 in Stealth
  1319 | D:2      | Reached skill level 1 in Shields
  1319 | D:2      | Reached skill level 1 in Invocations
  1319 | D:2      | Reached skill level 1 in Evocations
  1319 | D:2      | Reached XP level 4. HP: 23/34 MP: 9/11
  1431 | D:2      | Found a deep blue altar of Sif Muna.
  1683 | D:3      | Reached skill level 1 in Conjurations
  1683 | D:3      | Reached skill level 1 in Hexes
  1683 | D:3      | Reached skill level 1 in Charms
  1683 | D:3      | Reached skill level 1 in Summonings
  1683 | D:3      | Reached skill level 1 in Necromancy
  1683 | D:3      | Reached skill level 1 in Translocations
  1683 | D:3      | Reached skill level 1 in Fire Magic
  1683 | D:3      | Reached skill level 1 in Ice Magic
  1683 | D:3      | Reached skill level 1 in Air Magic
  1683 | D:3      | Reached skill level 1 in Earth Magic
  1683 | D:3      | Reached skill level 1 in Poison Magic
  2015 | D:3      | Reached XP level 5. HP: 40/40 MP: 8/12
  2512 | D:4      | Found a shattered altar of Ashenzari.
  2571 | D:4      | Noticed Sigmund
  2590 | D:4      | HP: 1/40 [something (12)]
  2596 | D:4      | Killed from afar by Sigmund

Skill      XL: |  1  2  3  4 |
---------------+-------------+-----
Spellcasting   | 5 |  5.1
Short Blades   | 1 |  1.3
Long Blades    | 1 |  1.3
Axes           | 1 |  1.3
Maces & Flails | 1 |  1.3
Polearms       | 1 |  1.3
Staves         | 1 |  1.3
Slings         | 1 |  1.3
Bows           | 1 |  1.3
Crossbows      | 1 |  1.3
Throwing       | 1 |  1.3
Armour         | 1 |  1.3
Stealth        | 1 |  1.3
Shields        | 1 |  1.3
Invocations    | 1 |  1.4
Evocations     | 1 |  1.3
Conjurations   | 1 |  1.0
Hexes          | 1 |  1.0
Charms         | 1 |  1.0
Summonings     | 1 |  1.0
Necromancy     | 1 |  1.0
Translocations | 1 |  1.0
Fire Magic     | 1 |  1.0
Ice Magic      | 1 |  1.0
Air Magic      | 1 |  1.0
Earth Magic    | 1 |  1.0
Poison Magic   | 1 |  1.0
Fighting       | |  2.8
Dodging        | |  4.7
Unarmed Combat | |  6.6
Transmutations | |  3.9

Action                   |  1- 3 |  4- 6 || total
-------------------------+-------+-------++-------
Melee: Unarmed           |    71 |    52 ||   123
       Headbutt          |     4 |     5 ||     9
       Kick              |     5 |       ||     5
       Bite              |     3 |     4 ||     7
       Punch             |     1 |     2 ||     3
 Cast: Beastly Appendage |    12 |     7 ||    19
       Sticks to Snakes  |       |     6 ||     6
 Stab: Sleeping          |     4 |     5 ||     9
  Eat: Chunk             |     1 |     4 ||     5
Armor: Robe              |    15 |     5 ||    20
       Leather armour    |       |     4 ||     4
Dodge: Dodged            |    47 |    16 ||    63
